AoeStats
← Křovák

Arena

505314435Analyzed
1v1 RM · 25d ago on Sep 8, 2026· 66m 21s· 2 players
Game mode
Random Map
Map size
Tiny (2 player)
Population
200
Speed
Normal
Resources
Standard
Victory
Conquest
Starting age
Dark Age
Ending age
Imperial Age
RankedLock teamsTeams togetherTeam positionsShared explorationLock speedFull tech treeHidden civsTurbo modeCheats
Victory
Defeat
🇳🇱 Japanese · Netherlands
858
+15
🇨🇿 Franks · Czechia
833
-15
Křovák
8:14 Loom
12:12 Feudal Age
16:56 Castle Age
18:00 Fletching
19:02 Double-Bit Axe
25:06 Crossbowman
27:39 Bow Saw
34:27 Imperial Age
31:42 Town Watch
32:33 Wheelbarrow
40:26 Ballistics
40:33 Scale Mail Armor
41:23 Cavalier
42:04 Husbandry
42:01 Gold Mining
42:02 Stone Mining
42:09 Bodkin Arrow
43:40 Forging
43:46 Chain Mail Armor
43:32 Padded Archer Armor
44:37 Chemistry
50:29 #83
50:51 Hoardings
51:03 Elite Skirmisher
51:43 Murder Holes
51:59 Fortified Wall
51:53 Padded Archer Armor
52:29 Iron Casting
52:25 Plate Mail Armor
54:53 Leather Archer Armor
dirk-jan.apoll
10:39 Feudal Age
11:27 Double-Bit Axe
11:24 Horse Collar
11:37 Arson
12:44 Man-at-Arms
19:58 Castle Age
20:18 Wheelbarrow
19:29 Town Watch
22:18 Bow Saw
22:13 Heavy Plow
25:00 Thumb Ring
25:52 Gold Mining
25:52 Stone Mining
27:50 Elite Skirmisher
28:23 Fletching
28:34 Padded Archer Armor
31:34 Hand Cart
31:06 Pikeman
32:18 Squires
36:50 Imperial Age
34:42 Husbandry
36:55 Ballistics
36:48 Masonry
36:49 Careening
36:40 Murder Holes
37:55 Conscription
37:56 Kataparuto
37:37 Loom
38:15 Forging
38:05 Scale Mail Armor
38:01 Bodkin Arrow
38:11 Scale Barding Armor
39:00 Halberdier
40:38 Iron Casting
40:18 Chain Mail Armor
40:19 Leather Archer Armor
41:11 Two-Man Saw
42:27 Chain Barding Armor
42:07 Bracer
44:24 Blast Furnace
43:54 Plate Mail Armor
50:09 Plate Mail Armor
50:10 Ring Archer Armor
54:31 Cavalier
Connection lost

Rejoining the realm…

Still unreachable

The connection could not be restored.

Session expired

The server has moved on; the page needs a fresh start.